General information
- name: BNet
- type: Ladder team game (AT/RT)
- host: Battle.net
- saver:
map: MarketSquare
- players: 8
- length: 25:05
- speed: Fast
- version: 1.26 W3XP
- replay type: Public
» download(165 KB)
Players
team 1 (winner)
bser (
orange | 22 APM | 555 actions | 25:05)
4 Archmage
2 Blizzard
1 Summon Water Elemental
1 Brilliance Aura
» actions
| Assign group hotkey | 2 | |
| Basic commands | 29 | |
| Build / train | 40 | |
| ESC pressed | 3 | |
| Enter build submenu | 19 | |
| Enter hero's abilities submenu | 4 | |
| Right click | 197 | |
| Select / deselect | 177 | |
| Select group hotkey | 41 | |
| Use ability | 43 | |
555 total
» units
| Peasant | 11 | |
| Mortar Team | 7 | |
| Priest | 1 | |
19 total
» upgrades
| Masonry | 3 | |
| Gunpowder | 2 | |
| Armor | 2 | |
| Lumber Harvesting | 1 | |
| Flare | 1 | |
| Fragmentation Shards | 1 | |
10 total
» buildings
| Altar of Kings | 1 | |
| Farm | 8 | |
| Lumber Mill | 1 | |
| Scout Tower | 4 | |
| Guard Tower | 3 | |
| Blacksmith | 1 | |
| Keep | 1 | |
| Workshop | 4 | |
| Arcane Sanctum | 1 | |
| Castle | 1 | |
25 total
» build order
00:09 Altar of Kings
00:16 Farm
01:02 Farm
01:11 Lumber Mill
01:30 Scout Tower
01:35 Farm
01:42 Scout Tower
01:45 Scout Tower
01:47 Farm
02:35 Guard Tower
02:58 Scout Tower
03:02 Farm
03:14 Guard Tower
03:19 Farm
03:28 Guard Tower
05:06 Blacksmith
05:07 Keep
05:11 Farm
05:11 Farm
07:31 Workshop
07:33 Workshop
07:35 Workshop
07:37 Workshop
07:44 Arcane Sanctum
07:52 Castle
» items

»
angelofwolves (
blue | 29 APM | 723 actions | 25:05)
4 Archmage
2 Summon Water Elemental
2 Brilliance Aura
» actions
| Basic commands | 1 | |
| Build / train | 71 | |
| Enter build submenu | 27 | |
| Enter hero's abilities submenu | 4 | |
| Right click | 324 | |
| Select / deselect | 257 | |
| Use ability | 39 | |
723 total
» units
| Peasant | 9 | |
| Footman | 11 | |
| Priest | 3 | |
| Sorceress | 5 | |
| Spell Breaker | 6 | |
| Knight | 3 | |
37 total
» upgrades
| Plating | 3 | |
| Swords | 2 | |
| Armor | 1 | |
| Gunpowder | 1 | |
| Masonry | 3 | |
| Defend | 1 | |
| Lumber Harvesting | 1 | |
| Priest Training | 1 | |
| Magic Sentry | 1 | |
| Sorceress Training | 2 | |
| Control Magic | 1 | |
| Animal War Training | 1 | |
18 total
» buildings
| Farm | 11 | |
| Altar of Kings | 1 | |
| Lumber Mill | 1 | |
| Barracks | 1 | |
| Blacksmith | 1 | |
| Scout Tower | 7 | |
| Guard Tower | 6 | |
| Keep | 1 | |
| Arcane Sanctum | 2 | |
| Town Hall | 1 | |
| Arcane Vault | 1 | |
| Castle | 1 | |
| Arcane Tower | 1 | |
35 total
» build order
00:24 Farm
00:31 Altar of Kings
00:40 Farm
01:01 Lumber Mill
01:39 Farm
01:47 Barracks
03:03 Blacksmith
03:24 Scout Tower
03:55 Farm
04:03 Farm
04:07 Scout Tower
04:14 Guard Tower
05:01 Guard Tower
05:08 Scout Tower
06:08 Farm
06:10 Guard Tower
06:19 Keep
07:09 Farm
08:11 Scout Tower
08:50 Guard Tower
09:30 Arcane Sanctum
09:34 Arcane Sanctum
09:46 Town Hall
09:48 Scout Tower
10:19 Scout Tower
10:20 Guard Tower
11:14 Guard Tower
11:20 Farm
13:11 Arcane Vault
17:06 Castle
18:26 Farm
18:30 Farm
18:33 Farm
22:52 Scout Tower
23:49 Arcane Tower
» items
CowardlySpook (
green | 17 APM | 434 actions | 25:05)
» actions
| Assign group hotkey | 1 | |
| Basic commands | 9 | |
| Build / train | 25 | |
| Enter build submenu | 44 | |
| Remove unit from queue | 3 | |
| Right click | 148 | |
| Select / deselect | 135 | |
| Select group hotkey | 1 | |
| Use ability | 67 | |
434 total
» units
» upgrades
| Spiked Barricades | 3 | |
| Reinforced Defenses | 1 | |
4 total
» buildings
| Orc Burrow | 1 | |
| War Mill | 2 | |
| Watch Tower | 56 | |
| Stronghold | 1 | |
| Altar of Storms | 1 | |
| Fortress | 1 | |
62 total
» build order
00:37 Orc Burrow
00:54 War Mill
02:51 Watch Tower
02:54 Watch Tower
02:56 Watch Tower
02:58 Watch Tower
02:59 Watch Tower
03:08 Watch Tower
03:08 Watch Tower
03:21 Watch Tower
03:36 War Mill
03:45 Watch Tower
04:14 Watch Tower
04:33 Watch Tower
04:51 Watch Tower
04:55 Watch Tower
05:17 Watch Tower
05:18 Watch Tower
05:21 Watch Tower
08:37 Watch Tower
08:38 Watch Tower
08:38 Watch Tower
08:38 Watch Tower
08:39 Watch Tower
08:40 Watch Tower
08:41 Watch Tower
08:42 Watch Tower
08:43 Watch Tower
08:44 Watch Tower
08:44 Watch Tower
08:45 Watch Tower
08:45 Watch Tower
08:46 Watch Tower
08:46 Watch Tower
08:47 Watch Tower
08:48 Watch Tower
08:49 Watch Tower
08:50 Watch Tower
08:52 Watch Tower
08:52 Watch Tower
08:53 Watch Tower
08:55 Watch Tower
08:56 Watch Tower
08:57 Watch Tower
09:52 Stronghold
15:01 Altar of Storms
16:37 Fortress
16:45 Watch Tower
16:46 Watch Tower
16:46 Watch Tower
16:48 Watch Tower
16:48 Watch Tower
16:49 Watch Tower
16:50 Watch Tower
16:53 Watch Tower
16:53 Watch Tower
16:53 Watch Tower
20:09 Watch Tower
20:09 Watch Tower
20:12 Watch Tower
23:02 Watch Tower
DISGRACE-FULL. (
yellow | 71 APM | 1793 actions | 25:05)
7 Dark Ranger
3 Black Arrow
3 Silence
1 Charm
» actions
| Assign group hotkey | 37 | |
| Basic commands | 6 | |
| Build / train | 65 | |
| Enter build submenu | 25 | |
| Enter hero's abilities submenu | 7 | |
| Give item / drop item | 3 | |
| Right click | 759 | |
| Select / deselect | 249 | |
| Select group hotkey | 548 | |
| Use ability | 94 | |
1793 total
» units
| Peon | 17 | |
| Grunt | 4 | |
| Wind Rider | 6 | |
| Raider | 1 | |
28 total
» upgrades
| Reinforced Defenses | 1 | |
| Envenomed Spears | 1 | |
| Ensnare | 1 | |
| Ranged Weapons | 2 | |
| Armor | 2 | |
| Melee Weapons | 1 | |
8 total
» buildings
| Altar of Storms | 1 | |
| Orc Burrow | 6 | |
| Barracks | 1 | |
| Voodoo Lounge | 1 | |
| Stronghold | 2 | |
| War Mill | 1 | |
| Great Hall | 1 | |
| Watch Tower | 30 | |
| Fortress | 1 | |
| Beastiary | 4 | |
| Town Hall | 1 | |
49 total
» build order
00:10 Altar of Storms
00:20 Orc Burrow
00:40 Barracks
01:34 Orc Burrow
02:06 Voodoo Lounge
03:33 Stronghold
04:18 Orc Burrow
04:23 War Mill
05:07 Orc Burrow
06:06 Great Hall
06:08 Watch Tower
06:08 Watch Tower
07:12 Watch Tower
07:12 Watch Tower
07:13 Watch Tower
08:10 Fortress
08:20 Watch Tower
09:18 Beastiary
09:18 Beastiary
09:43 Beastiary
10:35 Watch Tower
11:16 Orc Burrow
12:20 Orc Burrow
12:36 Beastiary
14:42 Watch Tower
15:38 Watch Tower
15:39 Watch Tower
15:44 Watch Tower
15:45 Watch Tower
15:45 Watch Tower
15:46 Watch Tower
15:46 Watch Tower
15:47 Watch Tower
15:47 Watch Tower
15:47 Watch Tower
15:48 Watch Tower
16:03 Watch Tower
17:01 Watch Tower
17:01 Watch Tower
17:02 Watch Tower
17:03 Watch Tower
17:04 Watch Tower
17:05 Watch Tower
18:06 Town Hall
» items
| Healing Salve | 5 | |
| Staff of Teleportation | 1 | |
| Dust of Appearance | 1 | |
| Scroll of Town Portal | 7 | |
| Potion of Lesser Invulnerability | 1 | |
| Scroll of Healing | 1 | |
| Potion of Mana | 1 | |
17 total
team 2 (loser)
FaSTdRaGonS (
pink | 45 APM | 1140 actions | 25:05)
6 Archmage
3 Summon Water Elemental
2 Brilliance Aura
1 Mass Teleport
» actions
| Basic commands | 4 | |
| Build / train | 69 | |
| Enter build submenu | 23 | |
| Enter hero's abilities submenu | 6 | |
| Remove unit from queue | 3 | |
| Right click | 698 | |
| Select / deselect | 283 | |
| Use ability | 54 | |
1140 total
» units
| Peasant | 25 | |
| Rifleman | 4 | |
| Mortar Team | 11 | |
40 total
» upgrades
| Gunpowder | 3 | |
| Armor | 2 | |
| Fragmentation Shards | 1 | |
| Long Rifles | 1 | |
| Flare | 1 | |
8 total
» buildings
| Altar of Kings | 1 | |
| Blacksmith | 1 | |
| Farm | 10 | |
| Barracks | 1 | |
| Scout Tower | 3 | |
| Lumber Mill | 1 | |
| Arcane Vault | 1 | |
| Keep | 1 | |
| Guard Tower | 1 | |
| Castle | 1 | |
| Workshop | 2 | |
| Town Hall | 2 | |
25 total
» build order
00:08 Altar of Kings
00:13 Blacksmith
00:26 Farm
01:11 Barracks
01:34 Farm
02:01 Scout Tower
02:45 Lumber Mill
03:09 Arcane Vault
04:56 Keep
05:02 Farm
05:51 Farm
06:55 Guard Tower
07:06 Farm
07:20 Castle
08:01 Workshop
09:18 Workshop
09:35 Town Hall
13:05 Farm
13:07 Farm
14:52 Scout Tower
14:54 Scout Tower
15:17 Farm
18:36 Farm
18:39 Farm
20:00 Town Hall
» items
| Scroll of Regeneration | 3 | |
| Lesser Clarity Potion | 1 | |
| Mechanical Critter | 1 | |
| Scroll of Town Portal | 2 | |
| Potion of Healing | 1 | |
8 total

»
CountSnatchula (
teal | 138 APM | 3456 actions | 25:05)
6 Blademaster
3 Wind Walk
2 Critical Strike
1 Bladestorm
4 Tauren Chieftain
2 Endurance Aura
2 War Stomp
5 Archmage
2 Brilliance Aura
2 Summon Water Elemental
1 Mass Teleport
» actions
| Assign group hotkey | 82 | |
| Basic commands | 704 | |
| Build / train | 152 | |
| ESC pressed | 1 | |
| Enter build submenu | 69 | |
| Enter hero's abilities submenu | 15 | |
| Give item / drop item | 2 | |
| Remove unit from queue | 3 | |
| Right click | 679 | |
| Select / deselect | 1031 | |
| Select group hotkey | 499 | |
| Use ability | 219 | |
3456 total
» units
| Peon | 25 | |
| Peasant | 3 | |
| Footman | 2 | |
| Sorceress | 8 | |
| Priest | 6 | |
| Shaman | 5 | |
| Troll Witch Doctor | 6 | |
| Knight | 9 | |
| Tauren | 5 | |
| Siege Engine | 5 | |
74 total
» upgrades
| Lumber Harvesting | 2 | |
| Shaman Training | 2 | |
| Witch Doctor Training | 2 | |
| Sorceress Training | 3 | |
| Priest Training | 2 | |
| Animal War Training | 1 | |
| Plating | 3 | |
| Swords | 3 | |
| Magic Sentry | 1 | |
| Reinforced Defenses | 1 | |
| Masonry | 2 | |
| Barrage | 1 | |
| Pulverize | 1 | |
| Gunpowder | 1 | |
25 total
» buildings
| Orc Burrow | 6 | |
| Altar of Storms | 1 | |
| War Mill | 1 | |
| Voodoo Lounge | 1 | |
| Stronghold | 1 | |
| Barracks | 1 | |
| Blacksmith | 1 | |
| Farm | 7 | |
| Arcane Tower | 3 | |
| Fortress | 1 | |
| Spirit Lodge | 4 | |
| Arcane Sanctum | 2 | |
| Castle | 1 | |
| Tauren Totem | 1 | |
| Scout Tower | 11 | |
| Gryphon Aviary | 2 | |
| Great Hall | 3 | |
| Watch Tower | 14 | |
| Guard Tower | 4 | |
| Arcane Vault | 1 | |
| Workshop | 1 | |
67 total
» build order
00:06 Orc Burrow
00:07 Altar of Storms
00:42 War Mill
01:15 Voodoo Lounge
02:55 Stronghold
04:05 Orc Burrow
04:08 Orc Burrow
04:09 Orc Burrow
04:48 Barracks
04:50 Blacksmith
04:54 Farm
04:54 Farm
05:12 Farm
05:14 Arcane Tower
05:18 Fortress
05:21 Spirit Lodge
05:21 Spirit Lodge
05:49 Spirit Lodge
07:01 Arcane Sanctum
07:44 Orc Burrow
07:51 Castle
08:04 Spirit Lodge
08:48 Arcane Sanctum
08:51 Farm
09:03 Tauren Totem
10:58 Farm
10:59 Farm
11:00 Farm
11:22 Scout Tower
11:40 Scout Tower
12:38 Gryphon Aviary
12:38 Gryphon Aviary
13:43 Orc Burrow
13:55 Great Hall
14:18 Watch Tower
14:19 Watch Tower
14:19 Watch Tower
14:31 Scout Tower
14:31 Scout Tower
14:32 Guard Tower
14:34 Scout Tower
14:35 Scout Tower
14:40 Arcane Vault
14:47 Watch Tower
15:00 Guard Tower
15:00 Scout Tower
15:01 Arcane Tower
15:02 Guard Tower
15:04 Scout Tower
15:04 Scout Tower
15:39 Watch Tower
15:44 Guard Tower
16:44 Watch Tower
17:22 Workshop
18:04 Scout Tower
18:12 Watch Tower
18:13 Watch Tower
18:24 Great Hall
19:38 Arcane Tower
19:38 Scout Tower
22:47 Watch Tower
22:48 Watch Tower
23:18 Great Hall
23:56 Watch Tower
23:56 Watch Tower
25:04 Watch Tower
25:04 Watch Tower
» items
| Healing Salve | 4 | |
| Lesser Clarity Potion | 7 | |
| Scroll of Speed | 1 | |
| Orb of Lightning | 4 | |
16 total
Irn-Bru-Drinker (
purple | 88 APM | 409 actions | 04:39)
1 Archmage
1 Summon Water Elemental
» actions
| Assign group hotkey | 14 | |
| Basic commands | 19 | |
| Build / train | 20 | |
| ESC pressed | 4 | |
| Enter build submenu | 9 | |
| Enter hero's abilities submenu | 1 | |
| Right click | 188 | |
| Select / deselect | 98 | |
| Select group hotkey | 38 | |
| Use ability | 18 | |
409 total
» units
» upgrades
» buildings
| Altar of Kings | 1 | |
| Farm | 1 | |
| Lumber Mill | 1 | |
| Scout Tower | 5 | |
| Guard Tower | 5 | |
| Keep | 2 | |
15 total
» build order
00:03 Altar of Kings
00:07 Farm
00:13 Lumber Mill
01:32 Scout Tower
01:34 Scout Tower
02:00 Guard Tower
02:00 Guard Tower
02:01 Guard Tower
02:06 Scout Tower
03:48 Keep
03:48 Keep
03:52 Scout Tower
03:54 Scout Tower
04:29 Guard Tower
LostMyManual (
red | 32 APM | 803 actions | 25:05)
4 Mountain King
2 Storm Bolt
2 Thunder Clap
» actions
| Basic commands | 29 | |
| Build / train | 106 | |
| ESC pressed | 2 | |
| Enter build submenu | 28 | |
| Enter hero's abilities submenu | 4 | |
| Right click | 227 | |
| Select / deselect | 347 | |
| Use ability | 60 | |
803 total
» units
| Peasant | 50 | |
| Footman | 7 | |
| Siege Engine | 12 | |
| Knight | 2 | |
| Mortar Team | 1 | |
| Flying Machine | 6 | |
78 total
» upgrades
| Masonry | 2 | |
| Lumber Harvesting | 2 | |
| Gunpowder | 3 | |
| Plating | 2 | |
| Barrage | 1 | |
| Flare | 1 | |
11 total
» buildings
| Farm | 9 | |
| Altar of Kings | 1 | |
| Lumber Mill | 1 | |
| Scout Tower | 7 | |
| Guard Tower | 8 | |
| Barracks | 1 | |
| Keep | 2 | |
| Castle | 2 | |
| Town Hall | 3 | |
| Blacksmith | 1 | |
| Workshop | 5 | |
40 total
» build order
00:16 Farm
00:41 Altar of Kings
00:53 Lumber Mill
01:01 Farm
01:22 Scout Tower
01:25 Scout Tower
01:57 Guard Tower
01:59 Guard Tower
02:36 Scout Tower
02:46 Barracks
02:51 Farm
03:16 Guard Tower
04:03 Keep
04:40 Farm
05:13 Guard Tower
06:31 Castle
07:19 Town Hall
07:35 Farm
07:48 Blacksmith
08:31 Farm
08:43 Workshop
08:45 Workshop
09:29 Workshop
09:53 Farm
10:10 Workshop
10:48 Workshop
11:11 Scout Tower
11:25 Scout Tower
11:37 Farm
11:39 Farm
14:13 Town Hall
14:25 Keep
16:59 Castle
17:03 Scout Tower
17:04 Scout Tower
17:42 Town Hall
17:53 Guard Tower
17:58 Guard Tower
18:30 Guard Tower
22:40 Guard Tower
Chat log
(00:18 / All) CowardlySpook: Can't wait to rub one out
(00:53 / Allies) bser: give me 100 gold fast
(01:56 / Allies) DISGRACE-FULL.: gold plz blue?
(01:56 / Allies) bser: blue tower
(02:42 / Allies) bser: gold me
(02:43 / Allies) bser: fast
(03:10 / Allies) bser: green gold
(03:20 / Allies) DISGRACE-FULL.: gold plz blue
(03:24 / Allies) bser: gold plz
(04:18 / Allies) CowardlySpook: someone's ornery
(04:25 / Allies) CowardlySpook: wood orange
(04:29 / Allies) CowardlySpook: you fucking faggot
(04:30 / Allies) CowardlySpook: give me some wood
(04:36 / Allies) CowardlySpook: help him
(04:42 / Allies) DISGRACE-FULL.: wow
(04:43 / Allies) CowardlySpook: lawlsz
(04:51 / Allies) DISGRACE-FULL.: lets quit?
(06:11 / Allies) DISGRACE-FULL.: i dont even know why we play with him
(06:13 / Allies) DISGRACE-FULL.: he whins
(06:15 / Allies) DISGRACE-FULL.: at everything
(06:31 / Allies) DISGRACE-FULL.: wood
(06:32 / Allies) DISGRACE-FULL.: orange
(07:49 / Allies) bser: wood plz
(07:50 / Allies) bser: gold plz
(08:21 / Allies) bser: green
(08:22 / Allies) bser: share man
(09:06 / Allies) DISGRACE-FULL.: come on man
(09:07 / Allies) DISGRACE-FULL.: get away
(09:15 / Allies) bser: give me some gold man
(09:17 / Allies) bser: n wood
(09:31 / Allies) CowardlySpook: no bro it's for me
(10:43 / Allies) DISGRACE-FULL.: wood
(10:44 / Allies) DISGRACE-FULL.: blue
(11:02 / Allies) angelofwolves: do i have any?
(13:02 / Allies) DISGRACE-FULL.: towers at me?
(13:36 / Allies) bser: tp fucks
(17:28 / All) CowardlySpook: when you lost your mort to a peon
(17:32 / All) CowardlySpook: that was pretty funny heheh
(17:49 / Allies) CowardlySpook: wide open
(17:54 / Allies) CowardlySpook: no protection
(19:10 / Allies) DISGRACE-FULL.: god im lagging
(19:11 / Allies) DISGRACE-FULL.: so bad
(19:14 / Allies) DISGRACE-FULL.: blue wtf are ud oing
(19:48 / Allies) DISGRACE-FULL.: meet
(21:05 / Allies) DISGRACE-FULL.: laggin sobsd
(21:44 / All) CountSnatchula: bye
(23:23 / Allies) CowardlySpook: wood blue
(23:24 / Allies) CowardlySpook: I tower this
(25:00 / Allies) DISGRACE-FULL.: rod is such an idiot